 Dungeon Crawl Stone Soup version 0.21.1-1-g345015fe64 (webtiles) character file.

523 prophet the Chopper (level 7, -1/60 HPs)
             Began as a Minotaur Berserker on July 14, 2018.
             Was an Elder of Trog.
             Succumbed to lis82's ghost's poison
             ... on level 6 of the Dungeon.
             The game lasted 00:16:03 (2202 turns).

prophet the Chopper (Minotaur Berserker)            Turns: 2202, Time: 00:16:03

Health: -1/60      AC: 17    Str: 24    XL:     7   Next: 2%
Magic:  6/6        EV: 12    Int:  4    God:    Trog [****..]
Gold:   158        SH:  3    Dex:  9    Spells: 6/6 levels left

rFire    . . .     SeeInvis .   e - +0 hand axe (elec)
rCold    + . .     Gourm    .   (no shield)
rNeg     . . .     Faith    .   n - +8 ring mail "Jymor" {rC+}
rPois    .         Spirit   .   (helmet restricted)
rElec    .         Reflect  +   (no cloak)
rCorr    .         Harm     .   (no gloves)
MR       .....                  (no boots)
Stlth    +.........             l - +3 amulet of reflection
HPRegen  0.20/turn              f - +2 ring of slaying
MPRegen  0.10/turn              j - +4 ring of protection

@: lethally poisoned (-1 -> -13), berserk cooldown, slowed, very slow
A: retaliatory headbutt, horns 2
a: Berserk, Trog's Hand, Brothers in Arms, Burn Spellbooks, Renounce Religion


You were on level 6 of the Dungeon.
You worshipped Trog.
Trog was greatly pleased with you.
You were hungry.

You visited 1 branch of the dungeon, and saw 6 of its levels.

You collected 158 gold pieces.

Inventory:

Hand Weapons
 a - a +0 hand axe
 b - a +1 dagger of speed
 e - a +0 hand axe of electrocution (weapon)
 g - a cursed -2 dagger
 h - a +0 hunting sling
Armour
 d - a +1 ring mail
 n - the +8 ring mail "Jymor" (worn) {rC+}
   (You found it on level 4 of the Dungeon)

   It protects you from cold.
 s - a +3 leather armour of fire resistance
Jewellery
 f - a +2 ring of slaying (left hand)
 j - a +4 ring of protection (right hand)
 l - a +3 amulet of reflection (around neck)
 r - an uncursed ring of resist corrosion
Scrolls
 p - a scroll of teleportation
Potions
 i - a potion of mutation {unknown}
 k - a potion of brilliance
 m - a potion of curing {unknown}
 o - a potion of agility {unknown}
Books
 q - a book of Changes

   Spells                             Type                      Level
   a - Beastly Appendage              Transmutation                1
   b - Sticks to Snakes               Transmutation                2
   c - Spider Form                    Transmutation/Poison         3
   d - Ice Form                       Ice/Transmutation            4
   e - Blade Hands                    Transmutation                5
   Trog disapproves of the use of such an item.
Comestibles
 c - 5 rations


   Skills:
 + Level 4.9 Fighting
 * Level 7.6 Axes
 + Level 4.0 Armour
 + Level 3.5 Dodging
 + Level 0.4 Stealth


You had 6 spell levels left.
You didn't know any spells.

Dungeon Overview and Level Annotations

Branches:
Dungeon (7/15)             Temple (0/1) D:4

Altars:
Cheibriados
Kikubaaqudgha
Okawaru

Annotations:
D:6 lis82's ghost, novice DgGl


Innate Abilities, Weirdness & Mutations

You reflexively headbutt those who attack you in melee.
You have a pair of horns on your head.


Message History

You are lethally poisoned!
The orc priest miscasts a cantrip.
Lis82's ghost closely misses you. You furiously retaliate!
You headbutt lis82's ghost, but do no damage.
* * * LOW HITPOINT WARNING * * *
You feel very sick.
Lis82's ghost shouts, "You will join me soon!"
You block the ogre's attack.
You are too injured to fight recklessly!
You hit the ogre but do no damage. Your headbutt misses the ogre.
* * * LOW HITPOINT WARNING * * *
You feel sick. The ogre hits you with a giant club!
* * * LOW HITPOINT WARNING * * *
You hit the ogre. You headbutt the ogre.
The ogre is moderately wounded.
* * * LOW HITPOINT WARNING * * *
You feel sick. The ogre hits you but does no damage.
* * * LOW HITPOINT WARNING * * *
You feel very sick.
You die...

### ### #.. ..# #.# #.#
#.########.# #.##....##@#
#.##....##.###
#######>.+......WO.# ####+###
........##....##.#.###......###
#######.......+..ooco(o.....'..
####....##.#...#).....###
#.###...#...#)........ #.#
#.###...#......... #......
#...#.........


You could see an ogre, a centaur, lis82's ghost and 2 orcs.

Vanquished Creatures
  An orc warrior (D:6)
  The ghost of Salt the Conjurer, an amateur DECj (D:3)
  A centaur zombie (D:7)
  A quasit (D:6)
  2 hounds
  A centaur skeleton (D:4)
  3 orc wizards
  4 adders
  An adder skeleton (D:6)
  2 worms (D:2)
  2 dart slugs (D:2)
  3 orcs (D:4)
  5 giant cockroaches
  10 goblins
  9 hobgoblins
  11 jackals
  8 kobolds
  A quokka (D:3)
  7 bats
  8 frilled lizards
  10 rats
91 creatures vanquished.

Notes
Turn   | Place    | Note
-------+----------+-------------------------------------------
     0 | D:1      | prophet the Minotaur Berserker began the quest for the Orb.
     0 | D:1      | Reached XP level 1. HP: 19/19 MP: 0/0
   116 | D:1      | Reached XP level 2. HP: 24/27 MP: 1/1
   117 | D:1      | Reached skill level 4 in Axes
   173 | D:1      | Reached ** piety under Trog
   176 | D:1      | Found a snail-covered altar of Cheibriados.
   179 | D:1      | Reached XP level 3. HP: 28/33 MP: 2/2
   635 | D:2      | Found an ancient bone altar of Kikubaaqudgha.
   766 | D:2      | Reached skill level 5 in Axes
   867 | D:2      | Reached XP level 4. HP: 35/41 MP: 3/3
  1056 | D:2      | Reached *** piety under Trog
  1499 | D:3      | Reached XP level 5. HP: 46/47 MP: 4/4
  1733 | D:3      | Found an iron altar of Okawaru.
  1915 | D:3      | Noticed Salt's ghost (amateur DECj)
  1929 | D:3      | Killed Salt's ghost
  1929 | D:3      | Reached skill level 6 in Axes
  2021 | D:4      | Found a staircase to the Ecumenical Temple.
  2068 | D:4      | Reached XP level 6. HP: 53/53 MP: 5/5
  2091 | D:4      | Got a bronze ring mail
  2102 | D:4      | Identified the +8 ring mail "Jymor" {rC+} (You found it on level 4 of the Dungeon)
  2120 | D:4      | You fall through a shaft for 3 floors!
  2142 | D:7      | Reached skill level 7 in Axes
  2174 | D:6      | Noticed an orc warrior
  2176 | D:6      | Noticed lis82's ghost (novice DgGl)
  2181 | D:6      | Killed an orc warrior
  2189 | D:6      | Reached **** piety under Trog
  2189 | D:6      | Reached XP level 7. HP: 40/60 MP: 6/6
  2201 | D:6      | HP: 1/60 [poisoned by lis82's ghost]
  2202 | D:6      | Succumbed to lis82's ghost's poison

Skill      XL: |  1  2  3  4  5  6 |
---------------+-------------------+-----
Axes           | 4 5 6 7 |  7.6
Fighting       | 4 |  4.9
Armour         | 3 4 |  4.0
Dodging        | 3 |  3.5
Stealth        | |  0.4

Action                   |  1- 3 |  4- 6 |  7- 9 || total
-------------------------+-------+-------+-------++-------
Melee: Hand axe          |    82 |    82 |     5 ||   169
       Headbutt          |    12 |     8 |     1 ||    21
Invok: Berserk           |       |     1 |     1 ||     2
  Use: Scroll            |       |     7 |       ||     7
  Eat: Chunk             |       |     5 |       ||     5
Armor: Animal skin       |     8 |       |       ||     8
       Ring mail         |    14 |    26 |     3 ||    43
       Leather armour    |       |     6 |       ||     6
Dodge: Dodged            |    48 |    53 |     4 ||   105
Block: Other             |     3 |     4 |     2 ||     9
